 Dungeon Crawl Stone Soup version 0.26-a0-27-g1f0226971c (webtiles) character file.

Game seed: 1696594619224248537, levelgen mode: deterministic

348 Gwenloh the Covered (level 6, 0/53 HPs)
             Began as a Minotaur Fighter on May 28, 2020.
             Slain by a worker ant (5 damage)
             ... on level 5 of the Dungeon.
             The game lasted 00:06:30 (2726 turns).

Gwenloh the Covered (Minotaur Fighter)              Turns: 2726, Time: 00:06:33

Health: 0/53       AC:  8    Str: 21    XL:     6   Next: 33%
Magic:  5/5        EV:  9    Int: 10    God:
Gold:   118        SH: 10    Dex: 11    Spells: 5/5 levels left

rFire    . . .     SeeInvis .   d - +1 hand axe of Cheese {flame, *Noise +Rage Int+5 Stlth+} (curse)
rCold    . . .     Gourm    .   c - +0 kite shield
rNeg     . . .     Faith    .   b - +0 scale mail
rPois    .         Spirit   .   (helmet restricted)
rElec    .         Reflect  .   y - +0 cloak
rCorr    .         Harm     .   (no gloves)
MR       .....                  (no boots)
Stlth    +.........             (no amulet)
HPRegen  0.17/turn              v - ring of wizardry
MPRegen  0.09/turn              (no ring)

@: no status effects
A: retaliatory headbutt, horns 2
a: Evoke Berserk Rage


You were on level 5 of the Dungeon.
You were not hungry.

You visited 1 branch of the dungeon, and saw 5 of its levels.

You collected 118 gold pieces.

Inventory:

Hand Weapons
 a - a +0 war axe
 d - the cursed +1 hand axe of Cheese (weapon) {flame, *Noise +Rage Int+5 Stlth+}
   (You found it on level 5 of the Dungeon)

   It has been specially enchanted to burn those struck by it, causing extra
   injury to most foes and up to half again as much damage against particularly
   susceptible opponents.
   Big, fiery blades are also staple armaments of hydra-hunters.
   It affects your intelligence (+5).
   It lets you go berserk.
   It may make noises in combat.
   It makes you more stealthy.
   It has a curse placed upon it.
Missiles
 i - 41 stones (quivered)
 j - 40 poisoned darts
 n - 28 bolts
 u - 28 sling bullets
Armour
 b - a +0 scale mail (worn)
 c - a +0 kite shield (worn)
 y - a +0 cloak (worn)
Jewellery
 v - a ring of wizardry (left hand)
Wands
 r - a wand of iceblast (11)
Scrolls
 e - 2 scrolls of fear {unknown}
 h - 5 scrolls of identify {unknown}
 k - 3 scrolls of remove curse {unknown}
 q - a scroll of magic mapping {unknown}
 s - a scroll of teleportation {unknown}
 t - a scroll of random uselessness {unknown}
Potions
 g - a potion of cancellation {unknown}
 l - a potion of ambrosia {unknown}
 m - a potion of invisibility {unknown}
 o - a potion of haste {unknown}
 w - a potion of curing {unknown}
 x - a potion of degeneration {unknown}
Comestibles
 f - 5 rations
 p - 16 chunks of flesh


   Skills:
 + Level 4.4 Fighting
 + Level 3.5 Axes
 * Level 5.4 Armour
 * Level 3.3 Dodging
 * Level 5.2 Shields


You had 5 spell levels left.
You didn't know any spells.
Your spell library contained the following spells:

 Spells                   Type           Power        Failure   Level  Hunger
 Corona                   Hex            #......      77%         1    ##.....
 Ensorcelled Hibernation  Hex/Ice        #.....       87%         2    ###....
 Confusing Touch          Hex            #.......     98%         3    ####...
 Dazzling Flash           Conj/Hex       #.....       98%         3    ####...
 Tukima's Dance           Hex            #.......     98%         3    ####...


Dungeon Overview and Level Annotations

Branches:
Dungeon (4/15)
 Temple: D:4-7

Altars:


Innate Abilities, Weirdness & Mutations

You reflexively headbutt those who attack you in melee.
You have a pair of horns on your head.


Message History

You hear some strange, mumbled words.
A puff of flame appears from out of thin air!
The puff of flame hits you!
* * * LOW HITPOINT WARNING * * *
You miss something. You hit the worker ant. You burn the worker ant.
You block the worker ant's attack. Something hits you!
* * * LOW HITPOINT WARNING * * *
You hit something. You burn something.
Reactivating autopickup.
Your Armour skill increases to level 5!
Your Dodging skill increases to level 3!
Your Shields skill increases to level 5!
You have reached level 6!
Your experience leads to an increase in your attributes!
Your base attributes are Str 21, Int 5, Dex 10.
Increase (S)trength, (I)ntelligence, or (D)exterity?
You feel agile.
You feel a bit more experienced.
You closely miss the worker ant. You block the worker ant's attack.
The worker ant bites you.
You die...

### ##.#
##a@##
###.)..#
..#......#
.........#
.[.#.....#
.###...###
##.. #...
#....


You could see a worker ant.

Vanquished Creatures
  Sigmund (D:5)
  Crazy Yiuf (D:3)
  Jessica (D:3)
  A worker ant (D:3)
  Robin (D:4)
  A gnoll (D:1)
  An adder (D:2)
  2 worms (D:2)
  A dart slug (D:1)
  3 leopard geckos
  2 giant cockroaches
  8 hobgoblins
  8 jackals
  A quokka (D:2)
  A ball python (D:1)
  5 bats
  2 frilled lizards (D:1)
  15 goblins
  4 kobolds
  A leopard gecko zombie (D:5)
  A quokka skeleton (D:4)
  10 rats
71 creatures vanquished.

Notes
Turn   | Place    | Note
-------+----------+-------------------------------------------
     0 | D:1      | Gwenloh the Minotaur Fighter began the quest for the Orb.
     0 | D:1      | Reached XP level 1. HP: 19/19 MP: 0/0
   135 | D:1      | Reached skill level 1 in Dodging
   135 | D:1      | Reached XP level 2. HP: 18/27 MP: 1/1
   437 | D:1      | Reached XP level 3. HP: 33/33 MP: 2/2
  1606 | D:2      | Reached XP level 4. HP: 40/40 MP: 3/3
  2278 | D:3      | Noticed Jessica
  2280 | D:3      | Killed Jessica
  2600 | D:3      | Found a runed translucent door.
  2601 | D:3      | Noticed Crazy Yiuf
  2606 | D:3      | Killed Crazy Yiuf
  2606 | D:3      | Reached XP level 5. HP: 46/46 MP: 4/4
  2672 | D:4      | Noticed Robin
  2685 | D:4      | Killed Robin
  2705 | D:4      | You fall into a shaft and drop 1 floor!
  2705 | D:5      | Entered Level 5 of the Dungeon
  2705 | D:5      | Noticed Sigmund
  2709 | D:5      | Got an ancient hand axe
  2710 | D:5      | Identified the cursed +1 hand axe of Cheese {flame, *Noise
                  | +Rage Int+5 Stlth+} (You found it on level 5 of the
                  | Dungeon)
  2726 | D:5      | Killed Sigmund
  2726 | D:5      | Reached skill level 5 in Armour
  2726 | D:5      | Reached skill level 5 in Shields
  2726 | D:5      | Reached XP level 6. HP: 5/53 MP: 5/5
  2726 | D:5      | Slain by a worker ant

Illustrated notes

Levels and vault maps discovered:
D:1:      heliophobic_arrival_ceremonial_halls, layout_loops_ring,
          minmay_misc_feat_tower
D:2:      layout_basic
D:3:      layout_loops_ring, uniq_jessica, uniq_crazy_yiuf_cottage
D:4:      layout_basic, kennysheep_boxes, uniq_robin
D:5:      layout_cave_pools, first_ration, dk_noncrumbling_3,
          nemelex_dance_club_becter, uniq_sigmund, uniq_pikel, uniq_menkaure

Skill      XL: |  1  2  3  4  5 |
---------------+----------------+-----
Armour         | 4 5 |  5.4
Dodging        | 1 2 3 |  3.3
Shields        | 4 5 |  5.2
Fighting       | 4 |  4.4
Axes           | 3 |  3.5

Action                   |  1- 3 |  4- 6 || total
-------------------------+-------+-------++-------
Melee: War axe           |    99 |    65 ||   164
       Headbutt          |    11 |     9 ||    20
       Hand axe          |       |    10 ||    10
Throw: Stone             |    79 |    48 ||   127
  Use: Potion            |       |     1 ||     1
  Eat: Chunk             |     2 |     4 ||     6
Armor: Scale mail        |    44 |    25 ||    69
Dodge: Dodged            |    40 |    20 ||    60
Block: Kite shield       |    66 |    48 ||   114

Table legend:
 A = Non-vault XP
 B = Vault XP
 C = Vault XP percentage of total XP
 D = Non-vault monster count
 E = Vault monster count
 F = Vault count percentage of total count
                 A         B        C        D         E       F
            +---------+---------+-------+---------+---------+-------
      Total |     157 |     341 |  68.5 |      57 |      14 |  19.7
            +---------+---------+-------+---------+---------+-------
        D:1 |      53 |       0 |   0.0 |      23 |       0 |   0.0
        D:2 |      44 |       0 |   0.0 |      16 |       0 |   0.0
        D:3 |      58 |      79 |  57.7 |      16 |       2 |  11.1
        D:4 |       1 |      35 |  97.2 |       1 |      11 |  91.7
        D:5 |       1 |     227 |  99.6 |       1 |       1 |  50.0
            +---------+---------+-------+---------+---------+-------
